2241 views
Uploaded 2022-06-09 23:32:20
Game version 1.32.10
30:18 long 1on1on1on1 ladder game on (4)GreenvilleWoods
Saved by IIlIIlIllIII
2241 views
Uploaded 2022-06-09 23:32:20
Game version 1.32.10
30:18 long 1on1on1on1 ladder game on (4)GreenvilleWoods

44 units @ 6.2k
/ 1k
41 buildings @ 6.6k
/ 3.3k



| Healing Salve | 4 | 400 |
| Scroll of Speed | 2 | 100 |
| Lesser Clarity Potion | 4 | 280 |
| Orb of Lightning | 1 | 375 |
| Scroll of Town Portal | 6 | 2100 |
| Scroll of Healing | 2 | 500 |
| Potion of Lesser Invulnerability | 1 | 150 |
| total: | 20 | 3905g |
| Peon | 11 | 825 | / | 0 |
| Troll Headhunter | 7 | 980 | / | 140 |
| Troll Witch Doctor | 7 | 1015 | / | 175 |
| Shaman | 3 | 390 | / | 60 |
| Troll Berserker | 9 | 1260 | / | 180 |
| Demolisher | 5 | 1100 | / | 250 |
| Kodo Beast | 1 | 255 | / | 60 |
| Goblin Shredder | 1 | 375 | / | 100 |
| total: | 44 | 6200g | / | 965w |
| Watch Tower | 19 | 2090 | / | 1520 |
| Altar of Storms | 1 | 180 | / | 50 |
| Orc Burrow | 9 | 1440 | / | 360 |
| War Mill | 1 | 205 | / | 0 |
| Barracks | 3 | 540 | / | 150 |
| Voodoo Lounge | 1 | 130 | / | 30 |
| Great Hall | 4 | 1540 | / | 740 |
| Spirit Lodge | 1 | 150 | / | 150 |
| Beastiary | 2 | 290 | / | 280 |
| Stronghold | 1 | 315 | / | 190 |
| Fortress | 1 | 325 | / | 190 |
| total: | 41 | 6565g | / | 3280w |
| 0:01 | Peon |
| 0:03 | Altar of Storms |
| 0:14 | Peon |
| 0:18 | Orc Burrow |
| 0:28 | Peon |
| 0:43 | Peon |
| 0:48 | War Mill |
| 1:02 | Barracks |
| 1:09 | Peon |
| 1:24 | Peon |
| 1:38 | Orc Burrow |
| 2:03 | Troll Headhunter |
| 2:05 | Endurance Aura |
| 2:12 | Troll Headhunter |
| 2:41 | Troll Headhunter |
| 3:01 | Troll Headhunter |
| 3:08 | Stronghold |
| 3:16 | Troll Headhunter |
| 3:26 | Voodoo Lounge |
| 3:43 | Troll Headhunter |
| 3:49 | War Stomp |
| 3:57 | Orc Burrow |
| 4:06 | Troll Headhunter |
| 4:56 | War Stomp |
| 5:09 | Healing Salve |
| 5:09 | Scroll of Speed |
| 5:09 | Healing Salve |
| 5:29 | Reinforced Defenses |
| 5:49 | Howl of Terror |
| 5:57 | Goblin Shredder |
| 6:01 | Troll Regeneration |
| 6:23 | Cleaving Attack |
| 6:47 | Fortress |
| 6:50 | Spirit Lodge |
| 7:33 | Orc Burrow |
| 7:41 | Spiked Barricades |
| 8:08 | Troll Witch Doctor |
| 8:11 | Cleaving Attack |
| 8:13 | Endurance Aura |
| 8:36 | Scroll of Town Portal |
| 8:36 | Healing Salve |
| 8:40 | Lesser Clarity Potion |
| 8:44 | Troll Witch Doctor |
| 8:46 | Watch Tower |
| 8:53 | Orc Burrow |
| 9:10 | Berserker Upgrade |
| 9:27 | Lesser Clarity Potion |
| 9:29 | Healing Salve |
| 9:36 | Witch Doctor Adept Training |
| 9:42 | Great Hall |
| 9:44 | Great Hall |
| 9:47 | Orc Burrow |
| 9:49 | Steel Ranged Weapons |
| 9:57 | Watch Tower |
| 10:08 | Hex |
| 10:09 | Scroll of Speed |
| 10:39 | Witch Doctor Master Training |
| 11:10 | Watch Tower |
| 11:11 | Steel Armor |
| 11:15 | Pillage |
| 11:18 | Watch Tower |
| 11:26 | Scroll of Healing |
| 11:27 | Potion of Lesser Invulnerability |
| 12:47 | Peon |
| 13:26 | Shaman |
| 13:26 | Shaman Adept Training |
| 13:28 | Lesser Clarity Potion |
| 13:28 | Orb of Lightning |
| 13:49 | Watch Tower |
| 13:50 | Watch Tower |
| 13:50 | Peon |
| 14:04 | Troll Witch Doctor |
| 14:06 | Howl of Terror |
| 14:10 | Improved Spiked Barricades |
| 14:21 | Troll Berserker |
| 14:33 | Healing Wave |
| 14:39 | Watch Tower |
| 14:41 | Watch Tower |
| 14:44 | Watch Tower |
| 14:48 | Troll Berserker |
| 15:00 | Shaman Master Training |
| 15:02 | Scroll of Town Portal |
| 15:02 | Scroll of Healing |
| 15:09 | War Stomp |
| 15:16 | Watch Tower |
| 15:41 | Thorium Ranged Weapons |
| 15:43 | Watch Tower |
| 15:53 | Watch Tower |
| 16:08 | Barracks |
| 16:11 | Barracks |
| 16:32 | Burning Oil |
| 16:34 | Steel Melee Weapons |
| 17:54 | Demolisher |
| 17:56 | Troll Witch Doctor |
| 18:13 | Cleaving Attack |
| 18:48 | Troll Berserker |
| 18:48 | Troll Berserker |
| 18:59 | Scroll of Town Portal |
| 18:59 | Lesser Clarity Potion |
| 19:08 | Troll Witch Doctor |
| 19:08 | Troll Witch Doctor |
| 19:11 | Beastiary |
| 19:14 | Demolisher |
| 19:14 | Demolisher |
| 19:29 | Beastiary |
| 19:43 | Troll Berserker |
| 19:43 | Troll Berserker |
| 20:11 | Watch Tower |
| 20:12 | Watch Tower |
| 20:12 | Watch Tower |
| 20:27 | Troll Berserker |
| 20:27 | Demolisher |
| 20:33 | Troll Berserker |
| 20:34 | Kodo Beast |
| 20:36 | Watch Tower |
| 21:07 | War Drums Damage Increase |
| 21:14 | Watch Tower |
| 21:16 | Great Hall |
| 21:18 | Watch Tower |
| 21:57 | Arcanite Ranged Weapons |
| 22:18 | Orc Burrow |
| 22:36 | Reincarnation |
| 22:51 | Watch Tower |
| 23:02 | Shaman |
| 23:02 | Shaman |
| 23:39 | Scroll of Town Portal |
| 23:56 | Healing Wave |
| 24:21 | Scroll of Town Portal |
| 24:21 | Scroll of Town Portal |
| 24:50 | Troll Berserker |
| 25:21 | Demolisher |
| 25:43 | Troll Witch Doctor |
| 26:15 | Great Hall |
| 26:45 | Hex |
| 26:46 | Doom |
| 27:37 | Peon |
| 27:37 | Peon |
| 28:49 | Peon |
| 29:08 | Orc Burrow |
| 29:09 | Orc Burrow |
| Select group | 2181 |
| Right click | 1778 |
| Select | 752 |
| Chat | 750 |
| Misc. action | 646 |
| Assign group | 311 |
| Build/train/purchase | 227 |
| Use ability | 110 |
| Item give/drop | 8 |
| Esc | 4 |
52 units @ 7.4k
/ 1.1k
48 buildings @ 8.3k
/ 3.8k



| Healing Salve | 5 | 500 |
| Lesser Clarity Potion | 8 | 560 |
| Potion of Mana | 2 | 400 |
| Potion of Healing | 1 | 150 |
| Scroll of Town Portal | 2 | 700 |
| Circlet of Nobility | 1 | 175 |
| total: | 19 | 2485g |
| Peon | 17 | 1275 | / | 0 |
| Troll Headhunter | 11 | 1540 | / | 220 |
| Demolisher | 11 | 2420 | / | 550 |
| Troll Berserker | 11 | 1540 | / | 220 |
| Goblin Shredder | 1 | 375 | / | 100 |
| Goblin Zeppelin | 1 | 240 | / | 60 |
| total: | 52 | 7390g | / | 1150w |
| Watch Tower | 21 | 2310 | / | 1680 |
| Altar of Storms | 1 | 180 | / | 50 |
| Orc Burrow | 10 | 1600 | / | 400 |
| War Mill | 1 | 205 | / | 0 |
| Barracks | 5 | 900 | / | 250 |
| Voodoo Lounge | 3 | 390 | / | 90 |
| Great Hall | 7 | 2695 | / | 1295 |
| Stronghold | 1 | 315 | / | 190 |
| Fortress | 1 | 325 | / | 190 |
| total: | 48 | 8280g | / | 3765w |
| 0:02 | Peon |
| 0:02 | Peon |
| 0:06 | Altar of Storms |
| 0:08 | Orc Burrow |
| 0:28 | War Mill |
| 0:36 | Peon |
| 0:57 | Peon |
| 1:08 | Barracks |
| 1:21 | Peon |
| 1:23 | Peon |
| 1:49 | Orc Burrow |
| 1:53 | Peon |
| 2:09 | Troll Headhunter |
| 2:10 | Feral Spirit |
| 2:23 | Troll Headhunter |
| 2:46 | Troll Headhunter |
| 2:55 | Troll Headhunter |
| 3:05 | Peon |
| 3:09 | Orc Burrow |
| 3:23 | Troll Headhunter |
| 3:47 | Stronghold |
| 3:47 | Troll Headhunter |
| 3:52 | Chain Lighting |
| 4:08 | Troll Headhunter |
| 4:12 | Voodoo Lounge |
| 4:32 | Spiked Barricades |
| 4:35 | Orc Burrow |
| 5:03 | Goblin Shredder |
| 5:04 | Feral Spirit |
| 5:55 | Great Hall |
| 5:57 | Watch Tower |
| 5:59 | Watch Tower |
| 6:13 | Troll Regeneration |
| 6:26 | Troll Headhunter |
| 6:35 | Circlet of Nobility |
| 6:47 | Reinforced Defenses |
| 6:53 | Healing Salve |
| 7:00 | Lesser Clarity Potion |
| 7:10 | Hex |
| 7:30 | Fortress |
| 7:46 | Watch Tower |
| 7:52 | Watch Tower |
| 8:24 | Chain Lighting |
| 8:54 | Troll Headhunter |
| 8:56 | Barracks |
| 8:57 | Steel Ranged Weapons |
| 8:58 | Steel Armor |
| 8:58 | Improved Spiked Barricades |
| 9:18 | Troll Headhunter |
| 9:21 | Barracks |
| 9:24 | Orc Burrow |
| 9:26 | Peon |
| 9:45 | Troll Headhunter |
| 9:50 | Berserker Upgrade |
| 9:52 | Burning Oil |
| 10:26 | Watch Tower |
| 10:34 | Peon |
| 10:38 | Demolisher |
| 11:05 | Watch Tower |
| 11:15 | Demolisher |
| 11:17 | Watch Tower |
| 11:56 | Troll Berserker |
| 12:35 | Healing Wave |
| 13:09 | Watch Tower |
| 13:10 | Peon |
| 13:10 | Peon |
| 13:13 | Goblin Zeppelin |
| 13:22 | Voodoo Lounge |
| 13:29 | Troll Berserker |
| 13:29 | Troll Berserker |
| 13:42 | Barracks |
| 13:44 | Barracks |
| 13:48 | Orc Burrow |
| 13:52 | Voodoo Lounge |
| 13:53 | Peon |
| 14:22 | Orc Burrow |
| 14:24 | Troll Berserker |
| 14:25 | Troll Berserker |
| 14:26 | Thorium Ranged Weapons |
| 14:39 | War Stomp |
| 14:43 | Scroll of Town Portal |
| 14:44 | Lesser Clarity Potion |
| 14:44 | Healing Salve |
| 14:48 | Potion of Mana |
| 14:52 | Troll Berserker |
| 15:11 | Demolisher |
| 15:22 | Demolisher |
| 15:41 | Demolisher |
| 16:28 | Great Hall |
| 16:30 | Watch Tower |
| 16:31 | Watch Tower |
| 16:31 | Watch Tower |
| 17:07 | Feral Spirit |
| 17:07 | Feral Spirit |
| 17:07 | Feral Spirit |
| 17:41 | Watch Tower |
| 17:42 | Watch Tower |
| 17:43 | Watch Tower |
| 18:36 | Hex |
| 18:39 | Watch Tower |
| 18:55 | Great Hall |
| 18:57 | Orc Burrow |
| 19:01 | Orc Burrow |
| 19:06 | Great Hall |
| 19:10 | Troll Berserker |
| 19:18 | Healing Salve |
| 19:26 | Lesser Clarity Potion |
| 19:37 | Lesser Clarity Potion |
| 19:39 | Potion of Mana |
| 19:44 | Potion of Healing |
| 19:50 | Watch Tower |
| 19:52 | Watch Tower |
| 19:56 | Peon |
| 19:57 | Peon |
| 20:00 | Peon |
| 20:02 | Peon |
| 20:21 | Troll Berserker |
| 20:55 | Demolisher |
| 21:12 | Troll Berserker |
| 22:01 | Demolisher |
| 22:51 | Demolisher |
| 23:13 | Scroll of Town Portal |
| 24:22 | Demolisher |
| 24:27 | Orc Burrow |
| 25:17 | Demolisher |
| 25:43 | Great Hall |
| 26:00 | Healing Salve |
| 26:04 | Lesser Clarity Potion |
| 26:06 | Lesser Clarity Potion |
| 26:12 | Troll Berserker |
| 26:16 | Troll Berserker |
| 27:09 | Demolisher |
| 28:06 | Healing Salve |
| 28:09 | Lesser Clarity Potion |
| 28:11 | Lesser Clarity Potion |
| 28:21 | Great Hall |
| 29:13 | Watch Tower |
| 29:14 | Watch Tower |
| 29:15 | Watch Tower |
| 29:16 | Watch Tower |
| 30:01 | Great Hall |
| Right click | 1583 |
| Select | 642 |
| Select group | 369 |
| Misc. action | 268 |
| Assign group | 249 |
| Build/train/purchase | 177 |
| Use ability | 77 |
| Esc | 8 |
| Item give/drop | 2 |
27 units @ 3.4k
/ 0.4k
31 buildings @ 5.8k
/ 2.7k



| Healing Salve | 6 | 600 |
| Lesser Clarity Potion | 3 | 210 |
| Scroll of Speed | 1 | 50 |
| Potion of Mana | 1 | 200 |
| Orb of Lightning | 3 | 1125 |
| Tiny Great Hall | 1 | 600 |
| total: | 15 | 2785g |
| Peon | 9 | 675 | / | 0 |
| Troll Headhunter | 11 | 1540 | / | 220 |
| Troll Berserker | 5 | 700 | / | 100 |
| Troll Witch Doctor | 1 | 145 | / | 25 |
| Goblin Shredder | 1 | 375 | / | 100 |
| total: | 27 | 3435g | / | 445w |
| Watch Tower | 10 | 1100 | / | 800 |
| Orc Burrow | 8 | 1280 | / | 320 |
| Altar of Storms | 1 | 180 | / | 50 |
| War Mill | 1 | 205 | / | 0 |
| Barracks | 1 | 180 | / | 50 |
| Voodoo Lounge | 2 | 260 | / | 60 |
| Great Hall | 6 | 2310 | / | 1110 |
| Spirit Lodge | 2 | 300 | / | 300 |
| Stronghold | 1 | 315 | / | 190 |
| Fortress | 1 | 325 | / | 190 |
| total: | 31 | 5815g | / | 2690w |
| 0:02 | Peon |
| 0:02 | Peon |
| 0:03 | Peon |
| 0:19 | Orc Burrow |
| 0:33 | Altar of Storms |
| 0:44 | Peon |
| 0:49 | War Mill |
| 0:50 | Peon |
| 1:04 | Barracks |
| 1:12 | Peon |
| 1:29 | Peon |
| 1:40 | Orc Burrow |
| 1:49 | Peon |
| 2:05 | Troll Headhunter |
| 2:13 | Voodoo Lounge |
| 2:32 | Mirror Image |
| 2:37 | Troll Headhunter |
| 2:49 | Troll Headhunter |
| 3:10 | Stronghold |
| 3:51 | Great Hall |
| 4:06 | Troll Headhunter |
| 4:20 | Orc Burrow |
| 4:24 | Healing Salve |
| 4:25 | Lesser Clarity Potion |
| 4:27 | Critical Strike |
| 4:43 | Troll Headhunter |
| 4:45 | Troll Headhunter |
| 5:13 | Goblin Shredder |
| 5:51 | Mirror Image |
| 6:24 | Fortress |
| 7:05 | Troll Regeneration |
| 7:08 | Spirit Lodge |
| 7:10 | Spirit Lodge |
| 7:15 | Healing Salve |
| 7:15 | Scroll of Speed |
| 7:16 | Lesser Clarity Potion |
| 7:23 | Reinforced Defenses |
| 7:30 | Hex |
| 7:36 | Critical Strike |
| 7:43 | Watch Tower |
| 7:44 | Watch Tower |
| 7:45 | Watch Tower |
| 7:46 | Watch Tower |
| 7:53 | Watch Tower |
| 7:53 | Watch Tower |
| 8:07 | Troll Headhunter |
| 8:11 | Peon |
| 8:21 | Troll Headhunter |
| 8:45 | Troll Headhunter |
| 8:58 | Troll Headhunter |
| 8:59 | Berserker Upgrade |
| 9:03 | Healing Salve |
| 9:31 | Troll Headhunter |
| 9:43 | Healing Salve |
| 9:51 | Lesser Clarity Potion |
| 10:05 | Potion of Mana |
| 10:34 | Troll Berserker |
| 11:09 | Orb of Lightning |
| 11:13 | Troll Berserker |
| 11:44 | Healing Wave |
| 12:05 | Tiny Great Hall |
| 12:42 | Troll Berserker |
| 12:42 | Troll Berserker |
| 13:04 | Orc Burrow |
| 13:05 | Watch Tower |
| 13:15 | Troll Witch Doctor |
| 13:16 | Witch Doctor Adept Training |
| 13:17 | Steel Ranged Weapons |
| 13:35 | Troll Berserker |
| 13:36 | Steel Armor |
| 13:42 | War Stomp |
| 13:56 | Orb of Lightning |
| 13:56 | Orb of Lightning |
| 14:34 | Orc Burrow |
| 14:36 | Orc Burrow |
| 14:55 | Critical Strike |
| 15:17 | Watch Tower |
| 15:19 | Voodoo Lounge |
| 16:31 | Healing Wave |
| 17:07 | Healing Salve |
| 17:45 | Great Hall |
| 17:46 | Watch Tower |
| 17:46 | Watch Tower |
| 17:52 | Great Hall |
| 18:00 | Orc Burrow |
| 18:01 | Orc Burrow |
| 18:05 | Great Hall |
| 19:39 | Healing Salve |
| 21:06 | Great Hall |
| 21:08 | Great Hall |
| Right click | 1204 |
| Chat | 738 |
| Select group | 479 |
| Select | 459 |
| Misc. action | 267 |
| Build/train/purchase | 92 |
| Assign group | 46 |
| Use ability | 28 |
| Item give/drop | 7 |
| Esc | 5 |
35 units @ 4.4k
/ 0.8k
27 buildings @ 5.5k
/ 2.7k


| Healing Salve | 3 | 300 |
| Lesser Clarity Potion | 8 | 560 |
| Orb of Lightning | 1 | 375 |
| Scroll of Town Portal | 1 | 350 |
| total: | 13 | 1585g |
| Peon | 18 | 1350 | / | 0 |
| Troll Batrider | 15 | 2400 | / | 600 |
| Goblin Shredder | 1 | 375 | / | 100 |
| Goblin Zeppelin | 1 | 240 | / | 60 |
| total: | 35 | 4365g | / | 760w |
| Watch Tower | 8 | 880 | / | 640 |
| Altar of Storms | 1 | 180 | / | 50 |
| Orc Burrow | 6 | 960 | / | 240 |
| Voodoo Lounge | 1 | 130 | / | 30 |
| War Mill | 1 | 205 | / | 0 |
| Great Hall | 7 | 2695 | / | 1295 |
| Beastiary | 3 | 435 | / | 420 |
| Stronghold | 1 | 315 | / | 190 |
| Fortress | 1 | 325 | / | 190 |
| total: | 27 | 5485g | / | 2675w |
| 0:03 | Altar of Storms |
| 0:06 | Orc Burrow |
| 0:07 | Peon |
| 0:07 | Peon |
| 0:40 | Peon |
| 0:40 | Peon |
| 0:40 | Peon |
| 0:59 | Voodoo Lounge |
| 1:02 | Peon |
| 1:36 | Peon |
| 1:36 | Peon |
| 1:36 | Peon |
| 1:46 | Peon |
| 1:46 | Peon |
| 2:19 | Healing Salve |
| 2:20 | Lesser Clarity Potion |
| 2:20 | Lesser Clarity Potion |
| 2:23 | Mirror Image |
| 2:46 | War Mill |
| 3:14 | Stronghold |
| 3:22 | Orc Burrow |
| 3:56 | Orc Burrow |
| 4:04 | Watch Tower |
| 4:06 | Watch Tower |
| 4:07 | Spiked Barricades |
| 4:17 | Orc Burrow |
| 4:46 | Critical Strike |
| 5:36 | Fortress |
| 5:54 | Beastiary |
| 5:56 | Beastiary |
| 6:06 | Beastiary |
| 6:32 | Goblin Shredder |
| 7:09 | Healing Wave |
| 7:52 | Troll Batrider |
| 7:52 | Troll Batrider |
| 8:38 | Steel Ranged Weapons |
| 8:38 | Steel Armor |
| 8:39 | Reinforced Defenses |
| 8:46 | Mirror Image |
| 8:56 | Great Hall |
| 9:15 | Liquid Fire |
| 9:19 | Orb of Lightning |
| 9:21 | Healing Salve |
| 9:22 | Lesser Clarity Potion |
| 9:25 | Lesser Clarity Potion |
| 9:58 | Troll Batrider |
| 10:27 | Great Hall |
| 10:46 | Orc Burrow |
| 10:47 | Watch Tower |
| 11:30 | Troll Batrider |
| 11:32 | Troll Batrider |
| 11:32 | Envenomed Spears |
| 11:43 | Hex |
| 12:11 | Troll Batrider |
| 12:11 | Troll Batrider |
| 12:20 | Lesser Clarity Potion |
| 12:28 | Healing Salve |
| 12:30 | Lesser Clarity Potion |
| 12:35 | Troll Batrider |
| 12:40 | Watch Tower |
| 12:49 | Troll Batrider |
| 13:53 | Troll Batrider |
| 13:55 | Thorium Ranged Weapons |
| 13:55 | Thorium Armor |
| 13:56 | Improved Spiked Barricades |
| 14:12 | Watch Tower |
| 14:12 | Watch Tower |
| 14:15 | Watch Tower |
| 14:16 | Watch Tower |
| 14:31 | Troll Batrider |
| 15:48 | Healing Wave |
| 16:39 | Critical Strike |
| 16:58 | Troll Batrider |
| 16:58 | Troll Batrider |
| 16:58 | Troll Batrider |
| 18:04 | Scroll of Town Portal |
| 18:06 | Lesser Clarity Potion |
| 18:06 | Lesser Clarity Potion |
| 18:13 | Peon |
| 18:13 | Peon |
| 18:25 | Troll Batrider |
| 18:35 | Great Hall |
| 19:10 | Peon |
| 20:14 | Great Hall |
| 21:29 | Hex |
| 22:31 | Great Hall |
| 23:17 | Great Hall |
| 24:13 | Goblin Zeppelin |
| 25:50 | Great Hall |
| 26:54 | Mirror Image |
| 27:30 | Orc Burrow |
| 29:31 | Peon |
| 29:32 | Peon |
| 29:50 | Peon |
| 29:54 | Peon |
| Right click | 1050 |
| Select group | 435 |
| Select | 393 |
| Misc. action | 244 |
| Build/train/purchase | 122 |
| Assign group | 92 |
| Use ability | 45 |
| Chat | 26 |
| Item give/drop | 7 |
| Esc | 6 |
⇛